 Dungeon Crawl Stone Soup version 0.31-a0-16-g6d2539766c (webtiles) character file.

Game seed: 9894721788730301564

672 IdlyInterested the Trooper (level 7, -3/59 HPs)
             Began as a Demonspawn Wanderer on May 8, 2023.
             Slain by IdlyInterested's ghost (6 damage)
             ... on level 4 of the Dungeon.
             The game lasted 00:12:32 (4159 turns).

IdlyInterested the Trooper (Demonspawn Wanderer)    Turns: 4159, Time: 00:12:32

Health: -3/59      AC: 10    Str: 18    XL:     7   Next: 32%
Magic:  19/19      EV:  5    Int: 20    God:
Gold:   172        SH:  6    Dex: 14    Spells: 10/10 levels left

rFire   . . .        q - +5 hand axe "Caufoci" {vamp, Int+6}
rCold   . . .        d - +2 buckler
rNeg    . . .        g - +0 plate armour
rPois   .            (no helmet)
rElec   .            (no cloak)
rCorr   .            (no gloves)
SInv    .            (no boots)
Will    .....        (no amulet) Stlth
                     t - +6 ring of strength
HPRegen 0.29/turn    x - ring of magical power
MPRegen 0.16/turn

%: no passive effects
@: no status effects
A: claws 1, ignite blood 1, spiny 1
a: no special abilities


You were on level 4 of the Dungeon.
You visited 1 branch of the dungeon, and saw 4 of its levels.

You collected 172 gold pieces.

Inventory:

Hand Weapons
 a - a +0 dagger
 j - a +2 dagger of venom
 q - the +5 hand axe "Caufoci" (weapon) {vamp, Int+6}
   (You found it on level 2 of the Dungeon)

   Int:       It affects your intelligence (+6).
 v - a +0 war axe
 D - a +0 hand axe
Missiles
 i - 42 stones (quivered)
 A - 2 silver boomerangs
Armour
 b - a +0 scale mail
 d - a +2 buckler (worn)
 f - a +0 ring mail
 g - a +0 plate armour (worn)
 m - a +0 leather armour
Jewellery
 t - a +6 ring of strength (left claw)
 x - a ring of magical power (right claw)
 C - an amulet of faith
Wands
 E - a wand of polymorph (4)
Scrolls
 h - a scroll of summoning {unknown}
 k - a scroll of vulnerability {unknown}
 p - 2 scrolls of identify {unknown}
 r - 3 scrolls of blinking
 s - 2 scrolls of poison {unknown}
 u - a scroll of teleportation {unknown}
 w - a scroll of torment {unknown}
 y - a scroll of enchant armour {unknown}
 z - 2 scrolls of enchant weapon
 B - a scroll of fog {unknown}
Potions
 c - 2 potions of attraction
 e - a potion of lignification {unknown}
 l - a potion of resistance
 o - a potion of invisibility {unknown}


   Skills:
 * Level 6.9 Fighting
 - Level 1.0 Throwing
 - Level 2.0 Armour
 - Level 1.0 Dodging
 - Level 1.0 Stealth
 - Level 1.7 Shields
 - Level 2.0 Unarmed Combat
 - Level 2.0 Spellcasting
 - Level 3.0 Conjurations
 + Level 0.0 Summonings
 - Level 1.0 Translocations
 - Level 1.0 Evocations


You had 10 spell levels left.
You didn't know any spells.
Your spell library contained the following spells:

 Spells                   Type           Power      Damage    Failure   Level
 Apportation              Tloc           12%        N/A       99%         1
 Momentum Strike          Conj/Tloc      20%        3d8       99%         2
 Necrotise                Necr           8%         1d4       100%        1
 Summon Small Mammal      Summ           8%         N/A       100%        1
 Lesser Beckoning         Tloc           12%        N/A       100%        2
 Static Discharge         Conj/Air       16%        2-3/arc   100%        2
 Gell's Gravitas          Tloc           6%         N/A       100%        3
 Teleport Other           Tloc           6%         N/A       100%        3


Dungeon Overview and Level Annotations

Branches:
Dungeon (4/15)
 Temple: D:4-7

Altars:
Ashenzari
Ru
Sif Muna
Vehumet
Wu Jian

Shops:
D:4 !((!

Annotations:
D:4 IdlyInterested's ghost, amateur DsWn


Innate Abilities, Weirdness & Mutations

You have sharp fingernails.
Your demonic aura sometimes causes spilled blood to erupt in flames.
You are partially covered in sharp spines.


Message History

IdlyInterested's ghost is struck by your spines.
IdlyInterested's ghost hits you.
* * * LOW HITPOINT WARNING * * *
IdlyInterested's ghost hits you but does no damage.
You barely miss IdlyInterested's ghost.
IdlyInterested's ghost is severely damaged.
IdlyInterested's ghost hits you.
* * * LOW HITPOINT WARNING * * *
You closely miss IdlyInterested's ghost.
IdlyInterested's ghost is severely damaged.
IdlyInterested's ghost hits you but does no damage.
You hit IdlyInterested's ghost but do no damage.
IdlyInterested's ghost is severely damaged.
IdlyInterested's ghost hits you.
* * * LOW HITPOINT WARNING * * *
IdlyInterested's ghost hits you.
* * * LOW HITPOINT WARNING * * *
You completely miss IdlyInterested's ghost.
IdlyInterested's ghost is severely damaged.
IdlyInterested's ghost hits you but does no damage.
You barely miss IdlyInterested's ghost.
IdlyInterested's ghost is severely damaged.
IdlyInterested's ghost barely misses you.
You closely miss IdlyInterested's ghost.
IdlyInterested's ghost is severely damaged.
IdlyInterested's ghost hits you but does no damage.
You block IdlyInterested's ghost's attack.
You barely miss IdlyInterested's ghost.
IdlyInterested's ghost is severely damaged.
IdlyInterested's ghost hits you.
* * * LOW HITPOINT WARNING * * *
You hit IdlyInterested's ghost but do no damage.
IdlyInterested's ghost is severely damaged.
IdlyInterested's ghost hits you.
* * * LOW HITPOINT WARNING * * *
You slash IdlyInterested's ghost!
IdlyInterested's ghost is almost destroyed.
IdlyInterested's ghost hits you but does no damage.
IdlyInterested's ghost hits you.
You die...

#.# #≈~~~###.# #.#.....# ##.#
#≈~~..##.# #........ ##..#
#≈~....#.## ##.......#
###...#####≈.~##....####........#
...........≈...........'........#
#........#######....#######......
#.##).##.##......>...#.⌠.[##....#
#.###.##.##..###W#...#....8##..##
#.# #.##.##..###@#...#.....!#.##
#.# #.##.##..##..#...'.....)###
#.# #.#~.##..##.##...'.....8
#.###.~~~##..##.##...'.....$
#......~~~≈..≈..##...#.....$###
.........~~≈~~≈......#....8##.##
##############≈~~#####.⌠.!##...#
##.###########...##
#..........###∩####


You could see IdlyInterested's ghost.

Vanquished Creatures
  The ghost of patfeehan111222 the Chopper, an amateur DsBe of Trog (D:4)
  The ghost of OldManVictorn the Covert, an amateur GnDe (D:4)
  A hound (D:4)
  A sleepcap (D:4)
  3 orc wizards
  10 adders
  An ufetubus (D:4)
  3 dart slugs
  16 orcs
  7 endoplasms
  4 giant cockroaches
  14 goblins
  6 hobgoblins
  3 quokkas
  12 ball pythons
  2 bats
  2 frilled lizards (D:2)
  8 kobolds
  4 rats
  A butterfly (D:3)
100 creatures vanquished.

Notes
Turn   | Place    | Note
-------+----------+-------------------------------------------
     0 | D:1      | IdlyInterested the Demonspawn Wanderer began the quest for
                  | the Orb.
     0 | D:1      | IdlyInterested set off with the following items: a +0
                  | dagger, a +0 scale mail, a potion of attraction, a +2
                  | buckler; and the following spells available to memorise:
                  | Momentum Strike, Static Discharge.
     0 | D:1      | Reached XP level 1. HP: 13/13 MP: 3/3
   219 | D:1      | Found a faded altar of an unknown god.
   348 | D:1      | Reached skill level 1 in Fighting
   414 | D:1      | Gained mutation: Your demonic aura sometimes causes spilled
                  | blood to erupt in flames. [demonic ancestry]
   414 | D:1      | Reached XP level 2. HP: 21/21 MP: 5/5
   511 | D:1      | Reached skill level 1 in Stealth
  1054 | D:2      | Reached skill level 2 in Fighting
  1065 | D:2      | Reached XP level 3. HP: 21/27 MP: 6/6
  1147 | D:2      | Reached skill level 1 in Dodging
  1277 | D:2      | Identified the +5 hand axe "Caufoci" {vamp, Int+6}
  1360 | D:2      | Reached skill level 3 in Fighting
  1360 | D:2      | Gained mutation: You have sharp fingernails. [demonic
                  | ancestry]
  1360 | D:2      | Reached XP level 4. HP: 35/35 MP: 7/7
  1508 | D:2      | Reached skill level 1 in Throwing
  2273 | D:3      | Found a radiant altar of Vehumet.
  2273 | D:3      | Found a faded altar of an unknown god.
  2280 | D:3      | Found a broken altar of Ashenzari.
  2282 | D:3      | Found a faded altar of an unknown god.
  2284 | D:3      | Found an ornate altar of the Wu Jian Council.
  2431 | D:3      | Found a sacrificial altar of Ru.
  2553 | D:3      | Reached XP level 5. HP: 29/42 MP: 8/8
  2966 | D:4      | Reached skill level 1 in Unarmed Combat
  2969 | D:4      | Reached skill level 4 in Fighting
  2981 | D:4      | Reached skill level 1 in Translocations
  3300 | D:4      | Found Qinez's Distillery.
  3355 | D:4      | Gained mutation: You are partially covered in sharp spines.
                  | [demonic ancestry]
  3355 | D:4      | Reached XP level 6. HP: 50/50 MP: 9/9
  3451 | D:4      | Found a shimmering blue altar of Sif Muna.
  3476 | D:4      | Reached skill level 5 in Fighting
  3783 | D:4      | Found a runed translucent gate.
  3783 | D:4      | Found a runed translucent gate.
  3783 | D:4      | Found a runed translucent gate.
  3785 | D:4      | Noticed IdlyInterested's ghost (amateur DsWn)
  3785 | D:4      | Noticed patfeehan111222's ghost (amateur DsBe)
  3785 | D:4      | Noticed OldManVictorn's ghost (amateur GnDe)
  3796 | D:4      | Found Nykk's Weapon Emporium.
  3796 | D:4      | Noticed a +0 giant club
  3796 | D:4      | Noticed a +0 rapier
  3806 | D:4      | Found Dewnusew's Distillery.
  3841 | D:4      | Found Esunnaf's Weapon Shop.
  4133 | D:4      | Killed patfeehan111222's ghost
  4134 | D:4      | Reached skill level 6 in Fighting
  4134 | D:4      | Reached XP level 7. HP: 25/58 MP: 10/10
  4143 | D:4      | Killed OldManVictorn's ghost
  4159 | D:4      | Slain by IdlyInterested's ghost

Illustrated notes

Levels and vault maps discovered:
D:1:      dpeg_arrival_pits, layout_basic,
          hellmonk_ecumenical_altar_defaced_shrine, hex_tiny
D:2:      layout_basic, minmay_octomino_j4
D:3:      layout_basic, nicolae_elyvilon_peaceful_grove, old_standard_altar,
          chequers_temple_overflow_minitemple, kennysheep_cross_room
D:4:      layout_loops_corners, mainiacjoe_overflow_surrounded_room,
          mainiacjoe_overflow_24_doors, serial_shops, shop,
          nicolae_shop_mannequins, nicolae_diamond_shop, shop, serial_rivers,
          chequers_serial_rivers_large_a, chequers_serial_rivers_small_a,
          chequers_serial_rivers_micro_e, chequers_serial_rivers_micro_e,
          gammafunk_ghost_cemetery, st_stairs_10, hex_medium

Skill      XL: |  1  2  3  4  5  6  7 |
---------------+----------------------+-----
Fighting       | 1 2 3 4 6 |  6.9
Stealth        | 1 |  1.0
Dodging        | 1 |  1.0
Throwing       | 1 |  1.0
Unarmed Combat | 1 2 |  2.0
Translocations | 1 |  1.0
Armour         | 2 |  2.0
Shields        | |  1.7
Spellcasting   | |  2.0
Conjurations   | |  3.0
Evocations     | |  1.0

Action                     |  1- 3 |  4- 6 |  7- 9 || total
---------------------------+-------+-------+-------++-------
  Melee: Dagger            |    93 |       |       ||    93
         Hand axe          |     6 |   161 |    24 ||   191
  Throw: Stone             |       |       |     1 ||     1
    Use: Potion            |       |     2 |     1 ||     3
         Scroll            |       |     2 |       ||     2
 Armour: Scale mail        |    18 |    11 |       ||    29
         Leather armour    |     4 |       |       ||     4
         Plate armour      |       |   110 |    12 ||   122
  Dodge: Dodged            |    41 |    44 |     1 ||    86
  Block: Buckler           |    20 |    46 |     5 ||    71

Table legend: (Time is in decaauts)
 A = Elapsed time spent in this place.
 B = Non-inter-level travel time spent in this place.
 C = Inter-level travel time spent in this place.
 D = Time resting spent in this place.
 E = Time spent auto-exploring this place.
 F = Levels seen in this place.
 G = Mean time per level.
                   A        B        C        D        E       F      G
               +--------+--------+--------+--------+--------+-----+--------+
         Total |   4241 |   3746 |    495 |    142 |   2554 |   4 | 1060.2 |
       Dungeon |   4241 |   3746 |    495 |    142 |   2554 |   4 | 1060.2 |
               +--------+--------+--------+--------+--------+-----+--------+

Top non-repeatable levels by time:
     D:4: 1210 daAuts
     D:3: 1095 daAuts
     D:1: 1003 daAuts
     D:2: 932 daAuts
